 Dungeon Crawl Stone Soup version 0.29.1-1-gd02db6906a (webtiles) character file.

Game seed: 3582758128478392555

684 EvilAshe the Slasher (level 7, -1/53 HPs)
             Began as a Human Fighter on Sept 24, 2022.
             Was a Believer of Okawaru.
             Slain by a centaur (2 damage)
             ... on level 5 of the Dungeon.
             The game lasted 00:11:01 (5171 turns).

EvilAshe the Slasher (Human Fighter)                Turns: 5171, Time: 00:11:02

Health: -1/53      AC: 12    Str: 18    XL:     7   Next: 93%
Magic:  7/7        EV:  6    Int:  8    God:    Okawaru [**....]
Gold:   244        SH:  4    Dex: 13    Spells: 6/6 levels left

rFire   . . .      SeeInvis .   a - +0 long sword
rCold   . . .      Faith    .   c - +0 buckler
rNeg    . . .      Spirit   .   y - +0 chain mail
rPois   .          Reflect  .   (no helmet)
rElec   .          Harm     .   s - +0 cloak
rCorr   .          Rampage  .   q - +0 pair of gloves
Will    .....                   t - +0 pair of boots
Stlth   ..........              (no amulet)
HPRegen 0.17/turn               (no ring)
MPRegen 0.10/turn               (no ring)

@: no status effects
A: no striking features
a: Renounce Religion, Heroism


You were on level 5 of the Dungeon.
You worshipped Okawaru.
Okawaru was pleased with you.
You visited 1 branch of the dungeon, and saw 5 of its levels.

You collected 244 gold pieces.

Inventory:

Hand Weapons
 a - a +0 long sword (weapon)
 b - the +7 sling of the Fray {freeze, rF+ Dex+6}
   (You found it on level 3 of the Dungeon)

   Any ammunition fired from it freezes those it strikes, dealing additional
   cold damage.
   It can also slow down cold-blooded creatures.
   Dex:       It affects your dexterity (+6).
   rF:        It protects you from fire.
Missiles
 f - 44 stones
 r - a poisoned dart (quivered)
Armour
 c - a +0 buckler (worn)
 q - a +0 pair of gloves (worn)
 s - a +0 cloak (worn)
 t - a +0 pair of boots (worn)
 y - a +0 chain mail (worn)
Wands
 x - a wand of roots (9)
 E - a wand of polymorph (8)
Scrolls
 e - a scroll of amnesia {unknown}
 g - a scroll of enchant weapon {unknown}
 i - a scroll of fear {unknown}
 k - 2 scrolls of immolation {unknown}
 l - a scroll of blinking {unknown}
 m - 3 scrolls of teleportation {unknown}
 o - a scroll of silence {unknown}
 p - 3 scrolls of identify {unknown}
 u - a scroll of acquirement {unknown}
 v - a scroll of butterflies {unknown}
 A - 2 scrolls of noise {unknown}
 D - a scroll of magic mapping {unknown}
Potions
 d - 5 potions of might
 h - 4 potions of curing {unknown}
 j - 3 potions of heal wounds {unknown}
 n - 2 potions of attraction {unknown}
 w - a potion of haste {unknown}
 z - a potion of lignification {unknown}
 B - a potion of brilliance {unknown}
 C - 2 potions of flight {unknown}


   Skills:
 + Level 3.9 Fighting
 * Level 7.9 Long Blades
 - Level 3.0 Armour
 - Level 3.0 Shields


You had 6 spell levels left.
You didn't know any spells.
Your spell library was empty.

Dungeon Overview and Level Annotations

Branches:
Dungeon (5/15)             Temple (0/1) D:4

Altars:
Cheibriados
Okawaru


Message History

The centaur closely misses you.
You barely miss the centaur.
The centaur is severely wounded.
The centaur hits you.
* * * LOW HITPOINT WARNING * * *
You block the centaur's attack.
You slash the centaur!
The centaur is almost dead.
The centaur hits you.
* * * LOW HITPOINT WARNING * * *
The centaur kicks you but does no damage.
The centaur barely misses you. The centaur completely misses you.
You hit the centaur but do no damage.
The centaur is almost dead.
The centaur hits you but does no damage.
The centaur kicks you but does no damage.
The centaur hits you.
* * * LOW HITPOINT WARNING * * *
The centaur kicks you but does no damage.
You hit the centaur but do no damage.
The centaur is almost dead.
The centaur hits you but does no damage.
The centaur completely misses you.
You closely miss the centaur.
The centaur is almost dead.
The centaur closely misses you.
The centaur kicks you but does no damage.
The centaur hits you but does no damage.
You block the centaur's attack.
You completely miss the centaur.
The centaur is almost dead.
The centaur barely misses you.
The centaur kicks you but does no damage.
You hit the centaur but do no damage.
The centaur is almost dead.
The centaur hits you.
* * * LOW HITPOINT WARNING * * *
The centaur kicks you but does no damage.
The centaur hits you.
You die...

#### ####..##
####......##
.#..........#
..(.........##
......c@....<##..
................#
..............###
...............#
...............#
...............#
..............##
.............##
####......####


You could see a centaur.

Vanquished Creatures
  Grinder (D:4)
  A scorpion (D:3)
  A jelly (D:4)
  2 hounds
  An orc priest (D:3)
  Jessica (D:3)
  2 iguanas (D:4)
  Ijyb (D:3)
  2 orc wizards (D:3)
  A gnoll (D:4)
  5 adders
  3 dart slugs
  11 orcs
  9 ball pythons
  8 endoplasms
  5 giant cockroaches (D:1)
  2 goblins
  9 hobgoblins
  8 jackals
  4 quokkas
  3 bats (D:1)
  A frilled lizard (D:1)
  8 kobolds
  14 rats
103 creatures vanquished.

Notes
Turn   | Place    | Note
-------+----------+-------------------------------------------
     0 | D:1      | EvilAshe the Human Fighter began the quest for the Orb.
     0 | D:1      | Reached XP level 1. HP: 18/18 MP: 1/1
   289 | D:1      | Reached XP level 2. HP: 24/24 MP: 2/2
   310 | D:1      | Reached skill level 3 in Long Blades
   519 | D:1      | Reached XP level 3. HP: 26/29 MP: 3/3
  1375 | D:2      | Found an iron altar of Okawaru.
  1382 | D:2      | Became a worshipper of Warmaster Okawaru
  1448 | D:2      | Reached skill level 4 in Long Blades
  1448 | D:2      | Reached XP level 4. HP: 30/35 MP: 4/4
  2357 | D:3      | Identified the +7 sling of the Fray {freeze, rF+ Dex+6}
  2463 | D:3      | Reached skill level 5 in Long Blades
  2463 | D:3      | Reached XP level 5. HP: 25/41 MP: 5/5
  3073 | D:3      | Noticed Ijyb
  3198 | D:3      | Killed Ijyb
  3199 | D:3      | Reached XP level 6. HP: 27/47 MP: 6/6
  3386 | D:3      | Reached skill level 6 in Long Blades
  3387 | D:3      | Found a faded altar of an unknown god.
  3503 | D:3      | Noticed Jessica
  3509 | D:3      | Killed Jessica
  3559 | D:4      | Found a snail-covered altar of Cheibriados.
  3723 | D:4      | Reached * piety under Okawaru
  3897 | D:3      | Reached skill level 7 in Long Blades
  3897 | D:3      | Reached XP level 7. HP: 52/52 MP: 7/7
  3916 | D:4      | Noticed Grinder
  4084 | D:4      | Paralysed by Grinder for 2 turns
  4089 | D:4      | Paralysed by Grinder for 2 turns
  4096 | D:4      | Killed Grinder
  4276 | D:4      | Found a staircase to the Ecumenical Temple.
  4415 | D:4      | Reached ** piety under Okawaru
  4844 | D:5      | Entered Level 5 of the Dungeon
  5171 | D:5      | HP: 1/53 [centaur (3)]
  5171 | D:5      | Slain by a centaur

Illustrated notes

Levels and vault maps discovered:
D:1:      zaba_arrival_water, layout_rooms
D:2:      wad_crossroads, layout_loops_corners, basic_altar,
          serial_bayou_pond_c, minmay_misc_feat_more_columns,
          due_unseen_surprise
D:3:      layout_basic, ebering_ecumenical_altar_sacrificial,
          minmay_misc_feat_plants, uniq_jessica, uniq_ijyb
D:4:      layout_loops_ring, mainiacjoe_overflow_catwalk,
          minmay_temple_entry_fiery, uniq_grinder
D:5:      layout_cave_pods, serial_shops, shop_coins, nicolae_shop_hallway_plus,
          uniq_blork_the_orc, uniq_prince_ribbit1

Skill      XL: |  1  2  3  4  5  6 |
---------------+-------------------+-----
Long Blades    | 3 4 5 7 |  7.9
Fighting       | |  3.9
Armour         | |  3.0
Shields        | |  3.0

Action                   |  1- 3 |  4- 6 |  7- 9 || total
-------------------------+-------+-------+-------++-------
Melee: Long sword        |   151 |   131 |    70 ||   352
 Fire: Sling             |       |    17 |    16 ||    33
Throw: Dart              |       |     2 |       ||     2
       Stone             |       |     2 |       ||     2
Armor: Scale mail        |    75 |    43 |       ||   118
       Chain mail        |       |    27 |    57 ||    84
Dodge: Dodged            |    51 |    47 |    31 ||   129
Block: Buckler           |    33 |    22 |    21 ||    76
